 Dungeon Crawl Stone Soup version 0.29-a0-821-g66395355a5 (webtiles) character file.

Game seed: 6095255817582582517

214 jimonade the Magician (level 6, 0/42 HPs)
             Began as a Djinni Hedge Wizard on July 7, 2022.
             Killed by divine providence
             ... invoked by an orc priest
              (10 damage)
             ... on level 3 of the Dungeon.
             The game lasted 00:10:01 (4169 turns).

jimonade the Magician (Djinni Hedge Wizard)         Turns: 4169, Time: 00:10:02

Health: 0/42       AC:  2    Str: 11    XL:     6   Next: 14%
Gold:   28         EV: 27    Int: 15    God:
                   SH:  0    Dex: 13

rFire   + + .      SeeInvis .   d - staff of air
rCold   x . .      Faith    .   (no shield)
rNeg    . . .      Spirit   .   b - +0 robe
rPois   ∞          Reflect  .   c - +0 hat
rElec   +          Harm     .   (no cloak)
rCorr   .          Rampage  .   (no gloves)
Will    .....                   (boots unavailable)
Stlth   ++........              g - amulet of the acrobat
HPRegen 0.14/turn               (no ring)
MPRegen 0.00/turn               (no ring)

@: acrobatic, flying
A: sickness immunity, fire resistance 2, cold vulnerability 1, float, innate
caster, HP casting, extra vitality 1
a: no special abilities


You were on level 3 of the Dungeon.
You visited 1 branch of the dungeon, and saw 3 of its levels.

You collected 94 gold pieces.
You spent 66 gold pieces at shops.

Inventory:

Hand Weapons
 a - a +0 dagger
 s - a +0 trident
Missiles
 k - 3 poisoned darts
 l - 31 stones
 q - 2 throwing nets
Armour
 b - a +0 robe (worn)
 c - a +0 hat (worn)
 r - a +0 scale mail
 t - a +0 chain mail
Magical Staves
 d - a staff of air (weapon)
Jewellery
 g - an amulet of the acrobat (around neck)
 o - an amulet of reflection
Scrolls
 f - a scroll of amnesia {unknown}
 j - a scroll of enchant armour {unknown}
 m - 5 scrolls of identify {unknown}
 p - a scroll of fog {unknown}
 u - 3 scrolls of teleportation
 x - a scroll of immolation {unknown}
 y - a scroll of fear {unknown}
Potions
 e - 2 potions of magic {unknown}
 h - a potion of berserk rage {unknown}
 i - a potion of lignification {unknown}
 n - a potion of invisibility {unknown}
 v - a potion of cancellation {unknown}
 w - a potion of flight {unknown}


   Skills:
 * Level 1.5 Fighting
 - Level 2.1 Dodging
 - Level 1.5 Stealth
 * Level 4.7 Spellcasting


You couldn't memorise any spells.
You knew the following spells:

 Your Spells              Type           Power      Damage    Failure   Level
a - Magic Dart            Conj           68%        1d6       2%          1
b - Blink                 Tloc           34%        N/A       3%          2
c - Call Imp              Summ           17%        N/A       3%          2
d - Slow                  Hex            68%        N/A       2%          1
e - Conjure Flame         Conj/Fire      17%        6-21      8%          3
f - Mephitic Cloud        Conj/Pois/Air  26%        N/A       8%          3
g - Foxfire               Conj/Fire      68%        2x1d7     2%          1
h - Searing Ray           Conj           34%        2d5       3%          2
Your spell library was empty.

Dungeon Overview and Level Annotations

Branches:
Dungeon (3/15)

Altars:

Shops:
D:3 ?


Innate Abilities, Weirdness & Mutations

You are immune to sickness and miasma.
You are immune to poison.
Your flesh is very heat resistant. (rF++)
You are vulnerable to cold. (rC-)
You float through the air rather than walking.
You learn spells naturally, not from books.
Your magical power is your life essence.
You have superior vitality. (+4 MHP)


Message History

Confirm with . or Enter, or press ? or * to list all spells.
Aiming: Mephitic Cloud (dangerous; 8% risk of failure)
Press: ? - help, Shift-Dir - straight line, f - orc
Aim: an orc, wielding a +0 dagger and quivering boomerangs (chance to affect: 96%)
You feel a surge of power!
The ball explodes into a vile cloud!
The stinking cloud engulfs the orc but does no damage. x3
You hear a shout!
The orc is engulfed in noxious fumes. x2; The orc appears confused.
You conjure some foxfire!
The orc is engulfed in noxious fumes.
The orc appears confused.
The orc is engulfed in noxious fumes.
The orc appears confused.
The orc hits the orc with a +0 dagger.
The foxfire hits the orc.
The orc is severely wounded.
The foxfire hits the orc.
You kill the orc!
You conjure some foxfire!
The foxfire hits the orc!
You kill the orc!
The foxfire hits the orc.
The orc is moderately wounded.
You conjure some foxfire!
The orc priest calls upon Beogh to heal the orc.
The orc's wounds heal themselves!
The foxfire hits the orc.
The orc is severely wounded.
The foxfire hits the orc.
You kill the orc!
The orc priest calls down the wrath of Beogh upon you.
Pain shoots through your body!
Casting: Foxfire (safe; 2% risk of failure)
Press: ? - help, Q - select action, (/) - cycle Dir - look around, f - activate You conjure some foxfire!
The orc priest invokes the aid of Beogh against you.
Beogh smites you!
* * * LOW HITPOINT WARNING * * *
Your foxfire dissipates!
The foxfire hits the orc priest but does no damage.
The orc priest calls down the wrath of Beogh upon you.
Beogh smites you!
You die...

#.######.###...##.#..####...
###.######.......##...........
#....................######...
#.#.##..........>##..### ##.#
#.#.##.#####.........#.## #.#
##.#.##.# #.<.)...)....####.#
#......)# #.....#...#.......#
#..####.# #...........#######
#..# #.#####.@............#
#..# #.................##.#
#..# ####.......÷....#.##.#
#.## ##.##...#....#.##.# #.#
#.###.##...##.##<# #.#
######.# #.##...##.##.# #.#
#......# #o##....#.##.#
#.####.###### #.#.......#..#
#....#.##### #.#.#...#...##


You could see an orc priest.

Vanquished Creatures
  Terence (D:2)
  Natasha (thrice) (D:2)
  4 gnolls (D:2)
  An adder (D:2)
  2 worms (D:2)
  A dart slug (D:1)
  3 orcs (D:3)
  7 endoplasms
  3 giant cockroaches
  8 goblins
  4 hobgoblins
  4 quokkas
  3 ball pythons
  4 bats
  3 frilled lizards
  4 kobolds (D:2)
  A rat (D:2)
56 creatures vanquished.

Vanquished Creatures (others)
  170 foxfires
  5 plants (D:3)
175 creatures vanquished.

Grand Total: 231 creatures vanquished

Notes
Turn   | Place    | Note
-------+----------+-------------------------------------------
     0 | D:1      | jimonade the Djinni Hedge Wizard began the quest for the
                  | Orb.
     0 | D:1      | jimonade set off with the following spells memorised: Magic
                  | Dart, Blink, Call Imp, Slow, Conjure Flame, Mephitic Cloud.
     0 | D:1      | Reached XP level 1. HP: 15/15 MP: 0/0
   617 | D:1      | Reached XP level 2. HP: 17/21 MP: 0/0
  1139 | D:1      | Reached skill level 3 in Spellcasting
  1290 | D:1      | Reached XP level 3. HP: 21/26 MP: 0/0
  1290 | D:1      | Learned a level 1 spell: Foxfire
  1936 | D:2      | Reached XP level 4. HP: 25/31 MP: 0/0
  1941 | D:2      | Reached skill level 1 in Fighting
  2156 | D:2      | Noticed Terence
  3088 | D:2      | Killed Terence
  3089 | D:2      | Reached skill level 4 in Spellcasting
  3089 | D:2      | Reached XP level 5. HP: 13/37 MP: 0/0
  3089 | D:2      | Learned a level 2 spell: Searing Ray
  3336 | D:2      | Noticed Natasha
  3340 | D:2      | Killed Natasha
  3366 | D:2      | Noticed Natasha
  3370 | D:2      | Killed Natasha
  3647 | D:2      | Noticed Natasha
  3655 | D:2      | Killed Natasha
  3656 | D:2      | Reached XP level 6. HP: 24/42 MP: 0/0
  3956 | D:3      | Found Ojirph's Magic Scroll Boutique.
  3965 | D:3      | Bought a scroll of teleportation for 33 gold pieces
  3965 | D:3      | Bought a scroll of teleportation for 33 gold pieces
  4169 | D:3      | Killed from afar by an orc priest

Illustrated notes

Levels and vault maps discovered:
D:1:      denvon_arrival_hothouse, layout_loops_ring,
          chequers_serial_rivers_large_b, hex_large
D:2:      layout_rooms, hangedman_abyss_or_decor_stabs, uniq_natasha,
          uniq_terence
D:3:      layout_loops_ring, mainiacjoe_overflow_cross_hatched,
          lemuel_crystal_altar, mainiacjoe_overflow_chevrons, serial_shops,
          nicolae_shop_advertising_works [nicolae_subvault_shop_adworks],
          minmay_tree_intersection

Skill      XL: |  1  2  3  4 |
---------------+-------------+-----
Spellcasting   | 3 4 |  4.7
Fighting       | 1 |  1.5
Dodging        | |  2.1
Stealth        | |  1.5

Action                   |  1- 3 |  4- 6 || total
-------------------------+-------+-------++-------
Melee: Staff             |       |     1 ||     1
 Cast: Magic Dart        |    48 |       ||    48
       Foxfire           |    25 |    76 ||   101
       Mephitic Cloud    |       |     8 ||     8
       Conjure Flame     |       |     1 ||     1
       Searing Ray       |       |     4 ||     4
Armor: Robe              |       |     2 ||     2
Dodge: Dodged            |     3 |     9 ||    12

Table legend: (Time is in decaauts)
 A = Elapsed time spent in this place.
 B = Non-inter-level travel time spent in this place.
 C = Inter-level travel time spent in this place.
 D = Time resting spent in this place.
 E = Time spent auto-exploring this place.
 F = Levels seen in this place.
 G = Mean time per level.
                   A        B        C        D        E       F      G
               +--------+--------+--------+--------+--------+-----+--------+
         Total |   4173 |   4092 |     81 |   1258 |   2274 |   3 | 1391.0 |
       Dungeon |   4173 |   4092 |     81 |   1258 |   2274 |   3 | 1391.0 |
               +--------+--------+--------+--------+--------+-----+--------+

Top non-repeatable levels by time:
     D:1: 2609 daAuts
     D:2: 1297 daAuts
     D:3: 266 daAuts
